 Dungeon Crawl Stone Soup version 0.17-a0-461-g772d41b (webtiles) character file.

1618772 espenoss the Sensei (level 27, 238/247 HPs)
             Began as a White Draconian Transmuter on Apr 4, 2015.
             Was the Champion of Cheibriados.
             Escaped with the Orb
             ... and 3 runes on Apr 5, 2015!
             The game lasted 09:04:15 (85230 turns).

espenoss the Sensei (White Draconian Transmuter)   Turns: 85230, Time: 09:04:15

Health: 238/247    AC: 24    Str: 29    XL:     27
Magic:  39/39      EV: 39    Int: 34    God:    Cheibriados [******]
Gold:   5122       SH:  0    Dex: 39    Spells: 12 memorised, 9 levels left

rFire  + + .     SeeInvis +       - Unarmed
rCold  + + +     Clarity  .     (armour unavailable)
rNeg   . . .     SustAb   .     (no shield)
rPois  +         Gourm    .     R - +2 hat {SInv}
rElec  .         Spirit   .     v - +2 cloak {MR+}
rCorr  .         Warding  .     x - +2 pair of fencer's gloves {EV+3 Dex+6 Slay+2}
rMut   +         Stasis   .     k - +2 pair of boots
MR     +++..                    r - amulet of resist mutation
Stlth  +.........               F - ring of Irofelo {+Blink rF+ rC+ MR- Slay+5}
                                P - ring "Giphipta" {rPois rF+ MR+}

@: very slow, extremely resistant to hostile enchantments, very unstealthy
A: breathe frost, unfitting armour, hooves 1, cold resistance 2, wild magic 3,
cold-blooded, AC +13
a: Breathe Frost, Bend Time, Temporal Distortion, Slouch, Step From Time,
Renounce Religion, Evoke Blink
0: Orb of Zot
}: 3/15 runes: decaying, silver, gossamer


You escaped.
You worshipped Cheibriados.
Cheibriados was exalted by your worship.
You were not hungry.

You visited 11 branches of the dungeon, and saw 57 of its levels.
You also visited: Ossuary, Bailey and Ice Cave.

You collected 8352 gold pieces.
You spent 3230 gold pieces at shops.

Inventory:

Hand weapons
 b - the +15 heavy crossbow "Sniper" {velocity, SInv}
   (You found it on level 4 of the Spider Nest)

   Any bolt fired from it inflicts extra damage.
   It enhances your eyesight.
Missiles
 c - 12 steel bolts
 h - 158 bolts of frost
 m - 49 bolts of penetration
 w - 96 silver bolts
 Q - 66 poisoned bolts
 U - 89 bolts of flame
 Z - 1898 bolts
Armour
 k - a +2 pair of boots (worn)
 v - a +2 cloak of magic resistance (worn)
 x - the +2 pair of fencer's gloves (worn) {EV+3 Dex+6 Slay+2}
   (You acquired it on level 2 of the Vaults)

   It affects your evasion (+3).
   It affects your dexterity (+6).
   It affects your accuracy and damage with ranged weapons and melee attacks
   (+2).
 R - a +2 hat of see invisible (worn)
Rods
 y - a +4 rod of shadows (9/9)
   (You found it on level 4 of the Realm of Zot)
Jewellery
 r - an amulet of resist mutation (around neck)
 A - a cursed amulet of stasis
 F - the ring of Irofelo (right hand) {+Blink rF+ rC+ MR- Slay+5}
   (You found it on level 3 of the Elven Halls)

   [ring of protection from cold]

   It affects your accuracy and damage with ranged weapons and melee attacks
   (+5).
   It protects you from fire.
   It protects you from cold.
   It affects your resistance to hostile enchantments.
   It lets you blink.
 M - the amulet of Cekugob {Ward -Tele rElec rPois rN++ AC+1 EV+1}
   (You found it on level 3 of the Elven Halls)

   [amulet of warding]

   It may prevent the melee attacks of summoned creatures.
   It affects your AC (+1).
   It affects your evasion (+1).
   It insulates you from electricity.
   It protects you from poison.
   It greatly protects you from negative energy.
   It prevents most forms of teleportation.
 O - a cursed -5 ring of evasion
 P - the ring "Giphipta" (left hand) {rPois rF+ MR+}
   (You found it in an ice cave)

   [ring of poison resistance]

   It protects you from fire.
   It protects you from poison.
   It affects your resistance to hostile enchantments.
Magical devices
 e - a wand of fireball (5)
 f - a wand of digging (1)
 n - a wand of draining (9)
 C - a wand of disintegration (15)
 K - a wand of heal wounds (9)
 T - a wand of teleportation (9)
Scrolls
 d - a scroll of holy word
 j - 14 scrolls of teleportation
 l - 25 scrolls of remove curse
 o - 3 scrolls of fog
 q - a scroll of amnesia
 E - 6 scrolls of fear
 I - 4 scrolls of silence
 J - 4 scrolls of magic mapping
 L - a scroll of brand weapon
 W - 23 scrolls of identify
Potions
 g - 4 potions of flight
 p - 5 potions of might
 s - 20 potions of curing
 t - 2 potions of cancellation
 u - 3 potions of agility
 z - 3 potions of heal wounds
 B - 9 potions of brilliance
 D - 6 potions of restore abilities
 G - 3 potions of magic
 H - 2 potions of resistance
 N - a potion of invisibility
Miscellaneous
 X - 3 phantom mirrors
Comestibles
 a - 24 bread rations
 V - 36 fruits


   Skills:
 + Level 20.3 Fighting
 + Level 14.4 Crossbows
 + Level 17.5 Dodging
 * Level 25.1 Unarmed Combat
 - Level 12.2 Spellcasting
 - Level 3.4 Conjurations
 - Level 10.6 Translocations
 * Level 23.1 Transmutations
 - Level 3.0 Earth Magic
 + Level 20.1 Invocations


You had 9 spell levels left.
You knew the following spells:

 Your Spells              Type           Power        Failure   Level  Hunger
a - Beastly Appendage     Trmt           ######       4%          1    None
b - Spider Form           Trmt/Pois      ########..   7%          3    None
c - Blade Hands           Trmt           #########.   4%          5    None
d - Ice Form              Ice/Trmt       ########     11%         4    None
e - Song of Slaying       Chrm           ######..     30%         2    None
f - Blink                 Tloc           N/A          7%          2    None
g - Passage of Golubria   Tloc           N/A          13%         4    None
h - Stoneskin             Trmt/Erth      ########     4%          2    None
i - Hydra Form            Trmt           #########.   5%          6    ####...
j - Stone Arrow           Conj/Erth      ######       22%         3    None
k - Dragon Form           Trmt           #########.   11%         7    #####..
l - Repel Missiles        Chrm/Air       ######       30%         2    None


Dungeon Overview and Level Annotations

Branches:
Dungeon (15/15)            Temple (1/1) D:4            Lair (8/8) D:10
  Swamp (5/5) Lair:6       Spider (5/5) Lair:3        Slime (0/6) Lair:6
    Orc (4/4) D:9             Elf (3/3) Orc:3        Vaults (5/5) D:14
  Crypt (1/3) Vaults:2     Depths (5/5) D:15            Zot (5/5) Depths:5

Altars:
Ashenzari
Cheibriados
Dithmenos
Elyvilon
Fedhas
Gozag
Kikubaaqudgha
Makhleb
Nemelex Xobeh
Okawaru
Qazlal
Ru
Sif Muna
Trog
Vehumet
Xom
Yredelemnul
Zin
The Shining One
Beogh
Jiyva

Shops:
D:6 [   D:10 %   D:12 **   Orc:4 }=!(   Elf:1 }   Vaults:1 !   Vaults:2 ?(
Vaults:3 %*   Depths:1 (

Portals:
Hell: Depths:1 Depths:2 Depths:3 Depths:4 Depths:5
Abyss: Depths:2 Depths:4
Pandemonium: Depths:2 Depths:3 Depths:5
Ziggurat: Depths:3
Trove: Elf:1 (give wand of hasting (8))

Annotations:
D:14 exclusion: ice statue
Lair:2 exclusion: 2 oklob plants
Lair:6 1 runed door
Swamp:4 exclusion: 2 oklob plants
Crypt:1 Khufu


Innate Abilities, Weirdness & Mutations

You can breathe waves of freezing cold.
You can buffet flying creatures when you breathe cold.
Your icy white scales are hard (AC +13).
Your body does not fit into most forms of armour.
Your flesh is very cold resistant.
You are cold-blooded and may be slowed by cold attacks.
You have large cloven feet.
Your spells are much harder to cast, but much more powerful.


Message History

You kill the orange demon!
Cheibriados appreciates the change of pace.
Your transformation is almost over.
There is an open door here.
Your hands revert to their normal proportions.
The +2 pair of fencer's gloves {EV+3 Dex+6 Slay+2} unmelds from your body.
There is an open door here.
There is an open door here.
There is an open door here.
A white imp comes into view.
The white imp gestures at you. The puff of frost misses you.
The white imp completely misses you.
You pummel the white imp!!
You kill the white imp!
Cheibriados thoroughly appreciates the change of pace.
No target in view!
There is an open door here.
There is an open door here.
There is a staircase leading out of the dungeon here.
You have escaped!

##)## ##>## ##'##
##...######...######...##
#.............[.........#
#..⌠........⌠........⌠..#
#.......................#
##...######...######...##
##### #####'##### #####
##.........##
#..♣..@..♣..#
##.........## ###########


There were no monsters in sight!

Vanquished Creatures
  8 orbs of fire (Zot:5)
  4 ancient liches
  2 greater mummies
  The ghost of runewalsh the Gelid, an awesomely powerful OpIE of Sif Muna (Vaults:5)
  3 pandemonium lords
  Norris (Vaults:3)
  Saint Roka (Depths:3)
  4 caustic shrikes (Depths:2)
  5 Killer Klowns
  2 curse toes
  4 golden dragons
  Jory (Vaults:3)
  Xtahua (Vaults:5)
  Arachne (Spider:3)
  3 electric golems
  Jorgrun (Spider:2)
  14 tentacled monstrosities
  28 Orb Guardians
  4 liches
  A deep elf master archer (Elf:3)
  3 deep elf blademasters
  2 titans (Vaults:5)
  2 quicksilver dragons
  3 acid blobs (Zot:1)
  2 ancient champions
  Gastronok (Lair:1)
  2 octopode crushers
  7 thorn hunters
  Agnes (Spider:5)
  Frances (Depths:1)
  2 sphinxes
  8 draconian monks
  7 shadow dragons
  16 storm dragons
  2 revenants (Crypt:1)
  11 tengu reavers
  8 fire giants
  3 iron dragons (Vaults:5)
  11 deep elf sorcerers
  Donald (Elf:3)
  7 draconian knights
  14 frost giants
  6 draconian scorchers
  A cacodemon (D:2)
  Aizul (Spider:3)
  Louise (Depths:2)
  2 ghost moths (Spider:5)
  4 draconian zealots
  17 vault wardens
  A balrug (Depths:3)
  A curse skull (Crypt:1)
  17 ironheart preservers
  8 emperor scorpions
  A caustic shrike zombie (Depths:2)
  2 ghouls (Crypt:1)
  5 draconian shifters
  2 spriggan defenders (Depths:1)
  27 very ugly things
  An orc warlord (Vaults:4)
  2 war gargoyles (Vaults:5)
  6 draconian annihilators
  The ghost of Bloax the Nimble, a mighty VSFi of Cheibriados (Swamp:4)
  4 draconian callers
  24 stone giants
  16 black draconians
  A vampire knight (Crypt:1)
  12 green draconians
  6 deep elf demonologists
  A lorocyproca (Zot:2)
  8 purple draconians
  13 deep elf annihilators
  13 white draconians
  30 yellow draconians
  13 mottled draconians
  11 red draconians
  36 vault guards
  An ettin (shapeshifter) (Depths:2)
  2 eidola (Crypt:1)
  25 fire dragons
  A merfolk impaler (Depths:3)
  5 great orbs of eyes
  17 ettins
  6 deep elf death magi
  6 deep elf high priests (Elf:3)
  8 jiangshi
  13 death cobs
  18 yaktaur captains
  33 hydras
  Fannar (Lair:1)
  A quicksilver dragon skeleton (Vaults:5)
  12 rakshasas
  Harold (Orc:3)
  A catoblepas (Lair:7)
  3 entropy weavers
  15 ice dragons
  2 ghost crabs
  6 spriggan air magi
  10 centaur warriors
  4 deep troll shamans
  2 death knights (Crypt:1)
  7 tengu warriors
  15 dancing weapons (Elf:2)
  8 death yaks
  4 vampire magi
  9 spriggan berserkers
  2 orc high priests
  13 alligators
  Urug (D:11)
  4 soul eaters
  11 hell knights
  9 deep troll earth magi
  9 ogre magi
  3 storm dragon zombies
  21 deep elf knights
  Nergalle (Lair:4)
  3 sun demons
  A titan skeleton (Vaults:3)
  2 fire crabs
  6 shadow wraiths
  An ice devil (Depths:5)
  An iron troll (Depths:2)
  2 unseen horrors
  3 death scarabs (Crypt:1)
  28 skeletal warriors
  2 unseen horrors (shapeshifter)
  A fire crab (shapeshifter) (Vaults:1)
  2 giant orange brains
  A shadow demon (Depths:5)
  A golden dragon zombie (Depths:1)
  5 shambling mangroves
  14 hill giants
  An anaconda zombie (Crypt:1)
  4 swamp dragons
  A giant orange brain (shapeshifter) (Elf:1)
  A harpy (shapeshifter) (Vaults:4)
  The ghost of hornqvist the Basher, an experienced OgBe of Trog (D:7)
  28 ironbrand convokers
  5 spriggan druids
  14 deep elf summoners
  A torturous demonspawn (D:1)
  6 flayed ghosts
  An ice statue (IceCv)
  21 orc knights
  4 lindwurms
  A shadow dragon zombie (Depths:4)
  5 harpies (Vaults:4)
  A gelid demonspawn (D:6)
  An infernal demonspawn (Depths:5)
  Pikel (D:6)
  3 sphinx zombies
  24 deep trolls
  36 wolf spiders
  An anaconda skeleton (Crypt:1)
  A tengu zombie (Depths:4)
  20 phantasmal warriors
  24 orb spiders
  10 necromancers
  3 wizards
  16 deep elf conjurers
  A glowing shapeshifter (Vaults:5)
  8 oklob plants (Zot:1)
  A frost giant zombie (Depths:2)
  A moth of wrath (shapeshifter) (Depths:2)
  A stone giant zombie (Crypt:1)
  15 hornets
  9 cyclopes
  71 ugly things
  A shadow dragon skeleton (Depths:2)
  9 griffons
  2 iron dragon zombies
  The ghost of Pikaro the Skirmisher, an experienced OgAM (Ossuary)
  4 black mambas
  An orc sorcerer (Elf:1)
  A fire giant zombie (Depths:4)
  2 manticores
  3 elephants (Lair:4)
  A salamander (Depths:3)
  2 stone giant skeletons (Depths:2)
  A guardian serpent (shapeshifter) (D:14)
  An iron dragon skeleton (Vaults:5)
  3 salamander stormcallers (Vaults:5)
  2 large abominations
  Maurice (D:8)
  3 sixfirhies
  A rust devil (Zot:5)
  Joseph (Lair:1)
  33 moths of wrath
  A dire elephant zombie (Crypt:1)
  3 orange demons
  A titan simulacrum (Crypt:1)
  2 torpor snails (shapeshifter)
  2 smoke demons
  2 black mambas (shapeshifter)
  5 torpor snails
  A shock serpent skeleton (Crypt:1)
  3 small abominations (Elf:1)
  8 centaur skeletons
  33 spiny frogs
  2 kobold demonologists
  80 yaktaurs
  A yaktaur (shapeshifter) (Depths:1)
  A hellwing (Zot:2)
  22 demonic crawlers
  11 vault sentinels
  An elf skeleton (Depths:2)
  3 blue devils
  5 spriggan zombies
  5 tengu conjurers
  2 red devils
  10 komodo dragons
  21 deep elf priests
  A catoblepas skeleton (Crypt:1)
  An elf (shapeshifter) (Vaults:2)
  A tormentor (Elf:3)
  5 wandering mushrooms (Swamp:4)
  37 jumping spiders
  5 fire drakes
  3 guardian mummies (Depths:4)
  11 two-headed ogres
  16 polar bears
  4 trolls
  19 blink frogs
  12 freezing wraiths
  A merfolk (shapeshifter) (Vaults:4)
  24 slime creatures
  6 giant leeches
  3 elf zombies
  8 boulder beetles
  14 bog bodies
  2 raiju (shapeshifter)
  37 ravens
  6 baby alligators (Swamp:2)
  An ettin zombie (Crypt:1)
  3 ynoxinuls
  12 spriggans
  20 trapdoor spiders
  2 vampires
  A boulder beetle (shapeshifter) (Vaults:2)
  58 yaks
  An ice dragon skeleton (Depths:1)
  An ettin skeleton (Crypt:1)
  Sigmund (D:5)
  58 redbacks
  5 shadows
  A spriggan (shapeshifter) (Vaults:5)
  7 air elementals
  26 tarantellas
  12 water elementals
  A redback (shapeshifter) (Depths:4)
  2 steam dragons (Swamp:5)
  2 tarantellas (shapeshifter)
  12 wraiths
  4 basilisks
  A black mamba skeleton (Crypt:1)
  34 deep elf magi
  A wyvern (D:15)
  6 wargs
  A hill giant skeleton (Crypt:1)
  A neqoxec (Depths:5)
  2 raven zombies (Depths:2)
  5 hungry ghosts
  31 swamp worms
  Menkaure (D:6)
  55 deep elf fighters
  6 mottled dragons
  43 vampire mosquitoes
  22 wolves
  An emperor scorpion simulacrum (Crypt:1)
  A soldier ant (shapeshifter) (Vaults:5)
  9 hippogriffs
  11 insubstantial wisps
  A chaos spawn (Zot:2)
  A deep troll zombie (Depths:2)
  2 soldier ants
  8 porcupines
  A tengu skeleton (Depths:2)
  20 water moccasins
  An ettin simulacrum (Vaults:1)
  15 swamp drakes
  A spectral snapping turtle (Swamp:5)
  A slave (D:6)
  21 spiders
  81 orc warriors
  4 sky beasts
  A black bear (Lair:5)
  A deep troll simulacrum (Depths:1)
  3 phantoms
  27 wasps
  12 ice beasts
  A swamp dragon zombie (Crypt:1)
  A boring beetle (Spider:1)
  12 boggarts
  57 ogres
  16 crocodiles
  25 centaurs
  A boring beetle (shapeshifter) (Depths:5)
  A human skeleton (Vaults:5)
  4 necrophages
  Blork the orc (D:5)
  A salamander zombie (Crypt:1)
  40 giant frogs
  15 big kobolds
  29 jellies
  15 scorpions
  A wyvern skeleton (D:12)
  A wyvern zombie (D:14)
  3 vampire bats (D:2)
  19 wights
  7 crimson imps
  14 electric eels
  5 centaur zombies
  14 killer bees
  5 giant frog zombies
  4 goliath beetles
  A two-headed ogre zombie (Depths:2)
  A human simulacrum (Vaults:2)
  5 human zombies
  30 orc priests
  A jelly (shapeshifter) (Depths:4)
  Crazy Yiuf (D:2)
  3 giant frog skeletons
  12 hounds
  5 quasits
  47 orc wizards
  13 iguanas
  Natasha (twice) (D:2)
  A killer bee zombie (Crypt:1)
  A statue (D:9)
  8 worker ants
  7 hell rats
  37 sheep
  A tengu simulacrum (Depths:2)
  4 hound skeletons
  3 hound zombies
  13 mummies
  2 worker ant zombies
  Robin (D:2)
  24 adders
  3 gnolls (D:11)
  105 river rats
  4 removed MONS_GIANT_MITEs
  4 shadow imps
  3 white imps
  6 worms
  2 ufetubi
  4 giant geckos
  An ooze (D:6)
  229 orcs
  30 bats
  3 bat skeletons (D:2)
  2 bat zombies (D:2)
  5 giant cockroaches
  34 goblins
  26 hobgoblins
  7 jackals
  47 kobolds
  11 quokkas
  2 giant cockroach zombies (D:5)
  7 giant newts
  A giant spore (D:8)
  2 goblin zombies (Ossuary)
  2 hobgoblin zombies (Ossuary)
  A kobold zombie (Ossuary)
  An orc zombie (Ossuary)
  A quokka skeleton (D:6)
  A quokka zombie (D:5)
  16 rats
  13 ballistomycetes
  2 briar patches (Swamp:4)
  A butterfly (Lair:3)
  4 crawling corpses
  A fungus (Swamp:4)
3494 creatures vanquished.

Vanquished Creatures (collateral kills)
  A cyclops (D:12)
  A sky beast (D:12)
2 creatures vanquished.

Vanquished Creatures (others)
  A lich (Depths:2)
  Asterion (Spider:2)
  A ghost moth (Spider:3)
  A draconian zealot (Depths:5)
  A draconian caller (Zot:4)
  A fire dragon (Depths:3)
  2 deep elf knights
  A swamp dragon (Swamp:5)
  A lindwurm (Swamp:5)
  An orb spider (Spider:1)
  A wolf spider (Spider:2)
  A moth of wrath (Zot:5)
  A fire drake (Swamp:5)
  A jumping spider (Spider:1)
  A blue devil (Zot:1)
  A redback (Spider:2)
  2 tarantellas
  A deep elf fighter (Elf:1)
  A slave (D:6)
  An ogre (Vaults:5)
  4 lost souls
  An orc (D:11)
  A goblin (D:6)
  A hobgoblin (D:6)
  7 giant spores
  A kobold (D:6)
  2 ballistomycetes (Swamp:4)
  A briar patch (Swamp:4)
  18 fungi
  8 plants
66 creatures vanquished.

Grand Total: 3562 creatures vanquished

Notes
Turn   | Place    | Note
--------------------------------------------------------------
     0 | D:1      | espenoss, the Draconian Transmuter, began the quest for the Orb.
     0 | D:1      | Reached XP level 1. HP: 16/16 MP: 3/3
   180 | D:1      | Reached XP level 2. HP: 23/23 MP: 4/4
   881 | D:1      | Reached XP level 3. HP: 25/28 MP: 5/5
   886 | D:1      | Learned a level 3 spell: Spider Form
  1046 | D:2      | Noticed Robin
  1097 | D:2      | Noticed Natasha
  1110 | D:2      | Killed Natasha
  1293 | D:2      | Reached XP level 4. HP: 18/36 MP: 4/6
  1880 | D:2      | Found an opulent altar of Gozag.
  1993 | D:2      | Noticed Crazy Yiuf
  2009 | D:2      | Gained mutation: Your flesh is cold resistant. [potion of mutation]
  2009 | D:2      | Gained mutation: Your muscles are strong. (Str +2) [potion of mutation]
  2009 | D:2      | Gained mutation: You evolve. [potion of mutation]
  2016 | D:2      | Killed Crazy Yiuf
  2016 | D:2      | Reached skill level 4 in Unarmed Combat
  2189 | D:2      | Lost mutation: Your muscles are strong. (Str +2) [evolution]
  2189 | D:2      | Lost mutation: You evolve. [end of evolution]
  2369 | D:2      | Reached XP level 5. HP: 42/42 MP: 7/7
  2436 | D:2      | Noticed Natasha
  2451 | D:2      | Killed Natasha
  2490 | D:2      | Found an ancient bone altar of Kikubaaqudgha.
  2509 | D:2      | Reached XP level 6. HP: 47/51 MP: 8/8
  2636 | D:2      | Killed Robin
  2683 | D:2      | Learned a level 5 spell: Blade Hands
  3369 | D:3      | Reached skill level 5 in Unarmed Combat
  3789 | D:4      | Your scales start taking on a icy white colour.
  3789 | D:4      | Gained mutation: Your flesh is very cold resistant. [White Draconian growth]
  3789 | D:4      | Reached XP level 7. HP: 40/57 MP: 6/9
  4015 | D:4      | Found a stormy altar of Qazlal.
  4028 | D:4      | Found a blossoming altar of Fedhas.
  4066 | D:4      | Found a staircase to the Ecumenical Temple.
  4376 | Temple   | Entered the Ecumenical Temple
  4484 | Temple   | Became a worshipper of Cheibriados the Contemplative
  4910 | D:4      | Found a shattered altar of Ashenzari.
  5003 | D:4      | Acquired Cheibriados's first power
  5036 | D:4      | Reached skill level 6 in Unarmed Combat
  5036 | D:4      | Reached skill level 1 in Invocations
  5575 | D:5      | Entered Level 5 of the Dungeon
  5837 | D:5      | Found a basalt altar of Yredelemnul.
  5879 | D:5      | Reached XP level 8. HP: 65/67 MP: 10/10
  5880 | D:5      | Noticed Blork the orc
  5888 | D:5      | Killed Blork the orc
  6009 | D:5      | Found a shadowy altar of Dithmenos.
  6051 | D:5      | Noticed Sigmund
  6060 | D:5      | Killed Sigmund
  6710 | D:6      | Found a sand-covered staircase.
  6720 | Ossuary  | Entered an ossuary
  6731 | Ossuary  | Noticed Pikaro's ghost (experienced OgAM)
  6759 | Ossuary  | Killed Pikaro's ghost
  6759 | Ossuary  | Reached skill level 5 in Fighting
  6759 | Ossuary  | Reached skill level 7 in Unarmed Combat
  6759 | Ossuary  | Reached skill level 5 in Transmutations
  7300 | D:6      | Reached XP level 9. HP: 48/74 MP: 12/12
  7314 | D:6      | Learned a level 4 spell: Ice Form
  7470 | D:6      | Noticed Pikel
  7485 | D:6      | Killed Pikel
  7837 | D:6      | Reached skill level 8 in Unarmed Combat
  7883 | D:6      | Noticed Menkaure
  7888 | D:6      | Killed Menkaure
  7919 | D:6      | Acquired Cheibriados's second power
  7936 | D:6      | Found an iron altar of Okawaru.
  8306 | D:6      | Found Ixoi's Antique Armour Shop.
  8309 | D:6      | Bought a pair of boots for 85 gold pieces
  8584 | D:7      | Reached skill level 5 in Dodging
  8618 | D:7      | Noticed hornqvist's ghost (experienced OgBe)
  8628 | D:7      | Killed hornqvist's ghost
  8910 | D:7      | Reached XP level 10. HP: 60/84 MP: 3/14
  8918 | D:7      | Reached skill level 5 in Invocations
  9328 | D:7      | Acquired Cheibriados's third power
  9632 | D:7      | Reached skill level 9 in Unarmed Combat
  9722 | D:7      | Reached skill level 5 in Spellcasting
  9840 | D:7      | Found a sparkling altar of Nemelex Xobeh.
 10223 | D:8      | Acquired Cheibriados's fourth power
 10372 | D:8      | Noticed Maurice
 10382 | D:8      | Killed Maurice
 10780 | D:8      | Learned a level 2 spell: Song of Slaying
 11379 | D:9      | Found a radiant altar of Vehumet.
 11617 | D:9      | Found a bloodstained altar of Trog.
 11708 | D:9      | Found a staircase to the Orcish Mines.
 11745 | D:9      | Noticed a centaur warrior
 12174 | D:9      | Killed a centaur warrior
 12174 | D:9      | Reached XP level 11. HP: 57/92 MP: 16/16
 12394 | D:10     | Entered Level 10 of the Dungeon
 12469 | D:10     | Reached skill level 10 in Unarmed Combat
 12574 | D:10     | Noticed a six-headed hydra
 12582 | D:10     | Killed a six-headed hydra
 13103 | D:10     | Noticed a hill giant
 13110 | D:10     | Killed a hill giant
 13248 | D:10     | Found a staircase to the Lair.
 13293 | Lair:1   | Entered Level 1 of the Lair of Beasts
 13458 | Lair:1   | Noticed Joseph
 13463 | Lair:1   | Killed Joseph
 13528 | Lair:1   | Found a shattered altar of Ashenzari.
 13744 | Lair:1   | Noticed Gastronok
 13756 | Lair:1   | Killed Gastronok
 13756 | Lair:1   | Reached skill level 11 in Unarmed Combat
 13839 | Lair:1   | Noticed Fannar
 13855 | Lair:1   | Killed Fannar
 13855 | Lair:1   | Reached XP level 12. HP: 75/103 MP: 18/18
 14841 | Lair:2   | Found a white marble altar of Elyvilon.
 15372 | Lair:3   | Found a hole to the Spider Nest.
 16037 | Lair:3   | Learned a level 2 spell: Blink
 16042 | Lair:3   | Learned a level 4 spell: Passage of Golubria
 16325 | Lair:4   | Reached skill level 1 in Translocations
 16330 | Lair:4   | Found a frozen archway.
 16352 | IceCv    | Entered an ice cave
 16722 | IceCv    | Got a scorched turquoise ring
 16724 | IceCv    | Identified the ring "Giphipta" {rPois rF+ MR+} (You found it in an ice cave)
 16826 | IceCv    | Identified 3 scrolls of acquirement
 16841 | IceCv    | Learned a level 2 spell: Stoneskin
 16955 | IceCv    | Reached skill level 12 in Unarmed Combat
 17133 | IceCv    | Noticed a frost giant
 17140 | IceCv    | Reached XP level 13. HP: 111/111 MP: 14/20
 17168 | IceCv    | Killed a frost giant
 17776 | Lair:4   | Noticed Nergalle
 17782 | Lair:4   | Killed Nergalle
 17833 | Lair:4   | Noticed an eight-headed hydra
 17945 | Lair:4   | Reached skill level 10 in Fighting
 18061 | Lair:4   | Found a staircase to the Swamp.
 18445 | Lair:4   | Killed an eight-headed hydra
 19941 | Lair:5   | Reached skill level 13 in Unarmed Combat
 20164 | Lair:6   | Found a staircase to the Swamp.
 20530 | Lair:6   | Found a runed door.
 20531 | Lair:6   | Found a viscous altar of Jiyva.
 20531 | Lair:6   | Found a staircase to the Slime Pits.
 21089 | Lair:7   | Reached skill level 10 in Transmutations
 21262 | Lair:7   | Reached XP level 14. HP: 116/122 MP: 16/22
 22211 | Lair:8   | Entered Level 8 of the Lair of Beasts
 22318 | Lair:8   | Reached skill level 10 in Invocations
 23468 | Lair:8   | Learned a level 6 spell: Hydra Form
 23772 | Orc:1    | Entered Level 1 of the Orcish Mines
 23850 | Orc:1    | Found a flagged portal.
 23861 | Bailey   | Entered a bailey
 24666 | Orc:2    | Found a shimmering altar of Xom.
 25032 | Orc:2    | Reached skill level 14 in Unarmed Combat
 25661 | Orc:3    | Noticed Harold
 25679 | Orc:3    | Killed Harold
 25796 | Orc:3    | Found a staircase to the Elven Halls.
 26141 | Orc:1    | Found a roughly hewn altar of Beogh.
 26363 | Orc:4    | Entered Level 4 of the Orcish Mines
 26837 | Orc:4    | Found Kulux's Distillery.
 26837 | Orc:4    | Found Ihaostae's Jewellery Shoppe.
 26866 | Orc:4    | Found Jefesead's Gadget Emporium.
 26868 | Orc:4    | Found Amutay's Antique Weapon Shop.
 26901 | Orc:4    | Reached skill level 10 in Dodging
 26909 | Orc:4    | Bought a potion of curing for 39 gold pieces
 26909 | Orc:4    | Bought a potion of curing for 39 gold pieces
 26909 | Orc:4    | Bought a potion of curing for 39 gold pieces
 26909 | Orc:4    | Bought a potion of magic for 104 gold pieces
 26909 | Orc:4    | Bought 3 potions of heal wounds for 195 gold pieces
 26909 | Orc:4    | Bought a potion of curing for 39 gold pieces
 26909 | Orc:4    | Bought a potion of heal wounds for 65 gold pieces
 27244 | Orc:3    | Reached XP level 15. HP: 111/130 MP: 17/23
 27477 | Spider:1 | Entered Level 1 of the Spider Nest
 28225 | Swamp:1  | Entered Level 1 of the Swamp
 28406 | Swamp:1  | Gained mutation: Your spells are a little harder to cast, but a little more powerful. [potion of beneficial mutation]
 28894 | Lair:1   | Learned a level 3 spell: Stone Arrow
 29429 | Swamp:2  | Reached skill level 1 in Conjurations
 29463 | Swamp:2  | Reached skill level 1 in Earth Magic
 31522 | Swamp:4  | Noticed a thorn hunter
 31528 | Swamp:4  | Killed a thorn hunter
 31528 | Swamp:4  | Reached skill level 15 in Unarmed Combat
 32227 | Swamp:4  | Reached XP level 16. HP: 139/139 MP: 23/25
 32233 | Swamp:4  | Noticed a thorn hunter
 32239 | Swamp:4  | Killed a thorn hunter
 32251 | Swamp:4  | Noticed a thorn hunter
 32255 | Swamp:4  | Killed a thorn hunter
 32480 | Swamp:4  | Noticed a thorn hunter
 32489 | Swamp:4  | Killed a thorn hunter
 32492 | Swamp:4  | Noticed Bloax's ghost (mighty VSFi)
 32501 | Swamp:4  | Killed Bloax's ghost
 32807 | Swamp:4  | Noticed a thorn hunter
 32814 | Swamp:4  | Killed a thorn hunter
 33019 | Swamp:5  | Entered Level 5 of the Swamp
 33333 | Swamp:5  | HP: 7/141 [eight-headed hydra (11)]
 34891 | Spider:1 | Reached skill level 10 in Spellcasting
 35435 | Spider:2 | Noticed Jorgrun
 35447 | Spider:2 | Killed Jorgrun
 36069 | Spider:2 | Noticed Asterion
 36079 | Spider:2 | Killed Asterion
 36079 | Spider:2 | Reached XP level 17. HP: 53/148 MP: 22/27
 36935 | Spider:3 | Noticed Aizul
 36947 | Spider:3 | Killed Aizul
 37169 | Spider:3 | Noticed Arachne
 37734 | Spider:3 | Reached skill level 16 in Unarmed Combat
 37993 | Spider:3 | Killed Arachne
 38984 | Spider:4 | Reached skill level 1 in Crossbows
 39463 | Spider:4 | Reached skill level 5 in Translocations
 40135 | Spider:5 | Entered Level 5 of the Spider Nest
 40581 | Spider:5 | Noticed Agnes
 40585 | Spider:5 | Killed Agnes
 41434 | Spider:5 | Reached XP level 18. HP: 143/158 MP: 0/28
 41693 | Spider:5 | Got a gossamer rune of Zot
 44081 | Swamp:5  | Got a decaying rune of Zot
 44982 | Elf:1    | Entered Level 1 of the Elven Halls
 45257 | Elf:1    | Reached skill level 17 in Unarmed Combat
 45305 | Elf:1    | Found Kajific's Gadget Emporium.
 45568 | Elf:1    | Found a portal to a secret trove of treasure.
 47112 | Elf:2    | Found a runed gate.
 47112 | Elf:2    | Found a runed gate.
 47112 | Elf:2    | Found a runed gate.
 47185 | Elf:2    | Got a twitching copper ring
 47627 | Elf:2    | Reached skill level 5 in Crossbows
 47928 | Elf:2    | Reached XP level 19. HP: 124/167 MP: 12/30
 48407 | Elf:3    | Entered Level 3 of the Elven Halls
 48446 | Elf:3    | Identified the ring "Holloywn" {rF- Str+2 Int+6 Dex-3} (You took it off a deep elf summoner on level 2 of the Elven Halls)
 48653 | Elf:3    | Noticed Donald
 48660 | Elf:3    | Killed Donald
 49895 | Elf:3    | Reached skill level 18 in Unarmed Combat
 49943 | Elf:3    | Got an ancient ivory ring
 49948 | Elf:3    | Got a twitching lapis lazuli ring
 49995 | Elf:3    | Gained mutation: You have large cloven feet. [potion of beneficial mutation]
 50024 | Elf:3    | Got a faintly glowing ruby amulet
 50034 | Elf:3    | Got a pair of scorched gloves
 50040 | Elf:3    | Identified the +1 pair of gloves of the Zebra {Str+2} (You found it on level 3 of the Elven Halls)
 50043 | Elf:3    | Identified the ring of Irofelo {+Blink rF+ rC+ MR- Slay+5} (You found it on level 3 of the Elven Halls)
 50046 | Elf:3    | Identified the amulet of Fezyxy {rCorr rPois rF- Str+3} (You found it on level 3 of the Elven Halls)
 50048 | Elf:3    | Identified the cursed ring "Uwogi" {EV-3 Dex+2} (You found it on level 3 of the Elven Halls)
 50067 | Elf:3    | Got a warped lead ring
 50068 | Elf:3    | Identified the ring "Gacuum Suri" {rPois Slay+5} (You found it on level 3 of the Elven Halls)
 50147 | Elf:3    | Got a clouded golden ring
 50263 | Elf:3    | Identified the ring "Pouwenuh" {rF+ rC+} (You took it off a deep elf annihilator on level 3 of the Elven Halls)
 50894 | D:11     | Reached skill level 15 in Transmutations
 51402 | D:11     | Noticed Urug
 51411 | D:11     | Killed Urug
 52235 | D:12     | Found Pyqegiet's Assorted Antiques.
 52238 | D:12     | Found Wazy's Assorted Antiques.
 52240 | D:12     | Bought a scroll of blinking for 202 gold pieces
 52240 | D:12     | Bought a scroll labeled KEBBYO XEICOOTIA for 27 gold pieces
 52240 | D:12     | Bought a scroll of acquirement for 1404 gold pieces
 52240 | D:12     | Bought a scroll of identify for 54 gold pieces
 52240 | D:12     | Bought a scroll of identify for 54 gold pieces
 52602 | Lair:1   | Learned a level 7 spell: Dragon Form
 52918 | D:10     | Found Opsihep's Food Shoppe.
 53831 | D:14     | Reached XP level 20. HP: 159/176 MP: 26/31
 54399 | D:14     | Found a gate to the Vaults.
 55059 | D:15     | Entered Level 15 of the Dungeon
 55136 | D:15     | Found a stormy altar of Qazlal.
 55470 | D:15     | Found a staircase to the Depths.
 55873 | D:15     | Reached skill level 15 in Fighting
 56003 | Vaults:1 | Entered Level 1 of the Vaults
 56009 | Vaults:1 | Learned a level 2 spell: Repel Missiles
 57082 | Vaults:1 | Reached skill level 15 in Invocations
 57197 | Vaults:1 | Found Esaryv's Distillery.
 58199 | Vaults:2 | Found Nutwuare's Magic Scroll Boutique.
 58209 | Vaults:2 | Bought a scroll of acquirement for 884 gold pieces
 58294 | Vaults:2 | Reached skill level 19 in Unarmed Combat
 58297 | Vaults:2 | Reached XP level 21. HP: 184/184 MP: 23/33
 58804 | Vaults:2 | Found a staircase to the Crypt.
 58833 | Vaults:2 | Found Yqymas's Weapon Shoppe.
 59043 | Vaults:2 | Got a bloodstained arbalest
 59044 | Vaults:2 | Identified the +8 arbalest of the Assorted Realms {velocity, rPois Int+3 Dex+5 Stlth-} (You found it on level 2 of the Vaults)
 59088 | Vaults:2 | Gained mutation: Your spells are harder to cast, but more powerful. [potion of beneficial mutation]
 59297 | Vaults:3 | Found Hadghagh's General Store.
 59812 | Vaults:3 | Noticed Jory
 59823 | Vaults:3 | Killed Jory
 59840 | Vaults:3 | Found Maggeah's Food Shoppe.
 60047 | Vaults:3 | Noticed Norris
 60048 | Vaults:3 | Paralysed by Norris for 3 turns
 60056 | Vaults:3 | Killed Norris
 60866 | Vaults:4 | Reached XP level 22. HP: 162/195 MP: 30/34
 61826 | Vaults:5 | Entered Level 5 of the Vaults
 61829 | Vaults:5 | Noticed an ancient lich
 61835 | Vaults:5 | Reached skill level 20 in Unarmed Combat
 61848 | Vaults:4 | HP: 5/254 [Brimstone Fiend/blast of hellfire[an ancient lich] (33)]
 62291 | Crypt:1  | Entered Level 1 of the Crypt
 63184 | Crypt:1  | Noticed a greater mummy
 63198 | Crypt:1  | Killed a greater mummy
 63201 | Crypt:1  | Noticed a greater mummy
 63202 | Crypt:1  | Noticed Khufu
 63203 | Crypt:1  | Noticed a greater mummy
 64814 | Vaults:4 | Upgraded the game from 0.17-a0-430-g8a98999 to 0.17-a0-461-g772d41b
 65135 | Depths:1 | Entered Level 1 of the Depths
 65252 | Depths:1 | Found Kegilima's Weapon Boutique.
 65426 | Depths:1 | Noticed Frances
 65432 | Depths:1 | Killed Frances
 65439 | Depths:1 | Reached XP level 23. HP: 204/204 MP: 28/39
 65668 | Depths:1 | Found a gateway to Hell.
 65947 | Depths:2 | Found a one-way gate to the infinite horrors of the Abyss.
 65949 | Depths:2 | Noticed Louise
 66468 | Depths:2 | Reached skill level 10 in Crossbows
 66956 | Depths:2 | Reached skill level 21 in Unarmed Combat
 68363 | Depths:2 | Found a one-way gate leading to the halls of Pandemonium.
 68421 | Depths:2 | Killed Louise
 68779 | Depths:3 | Reached XP level 24. HP: 214/214 MP: 39/39
 68899 | Depths:3 | Noticed Saint Roka
 68908 | Depths:3 | Killed Saint Roka
 69182 | Depths:3 | Found a gateway to a ziggurat.
 69965 | Depths:3 | Identified Lemesam's Papyrus of Enhancements and Venom (You found it on level 3 of the Depths)
 70303 | Depths:4 | Got a spiked cloak
 70304 | Depths:4 | Identified the +2 cloak "Zofoys" {-Cast Str+4 Int+6} (You found it on level 4 of the Depths)
 70357 | Depths:4 | Reached skill level 15 in Dodging
 71162 | Depths:4 | Noticed a greater mummy
 71169 | Depths:4 | Killed a greater mummy
 71241 | Depths:4 | Gained mutation: Your spells are much harder to cast, but much more powerful. [potion of beneficial mutation]
 71249 | Depths:5 | Entered Level 5 of the Depths
 71570 | Depths:5 | Paralysed by a great orb of eyes for 3 turns
 71654 | Depths:5 | Reached skill level 22 in Unarmed Combat
 71734 | Depths:5 | Found a gate to the Realm of Zot.
 72297 | Depths:5 | Reached XP level 25. HP: 194/223 MP: 34/39
 73299 | Vaults:5 | Got a silver rune of Zot
 74044 | Vaults:5 | Noticed runewalsh's ghost (awesomely powerful OpIE)
 74052 | Vaults:5 | Killed runewalsh's ghost
 75130 | Vaults:5 | Noticed Xtahua
 75219 | Vaults:5 | Killed Xtahua
 75462 | Vaults:5 | Noticed an ancient lich
 75467 | Vaults:5 | Killed an ancient lich
 75861 | Vaults:5 | Identified the Reference Book on the Glacier
 76013 | Vaults:5 | Got a steaming lead ring
 76133 | Vaults:5 | Reached XP level 26. HP: 234/234 MP: 39/39
 76473 | Vaults:3 | Identified the ring of Brilliance {SustAb MP+9 Dex+4 SInv Stlth+} (You took it off a yaktaur on level 5 of the Vaults)
 77008 | Zot:1    | Entered Level 1 of the Realm of Zot
 77261 | Zot:1    | Reached skill level 23 in Unarmed Combat
 79731 | Zot:2    | Reached skill level 10 in Translocations
 79927 | Zot:2    | Reached XP level 27. HP: 243/243 MP: 34/39
 81968 | Zot:4    | Reached skill level 24 in Unarmed Combat
 82151 | Zot:5    | Entered Level 5 of the Realm of Zot
 82635 | Zot:5    | Noticed an orb of fire
 82635 | Zot:5    | Noticed an orb of fire
 82638 | Zot:5    | Noticed an ancient lich
 82642 | Zot:5    | Killed an orb of fire
 82645 | Zot:5    | Killed an ancient lich
 82652 | Zot:5    | Noticed an ancient lich
 82652 | Zot:5    | Killed an orb of fire
 83475 | Zot:5    | Noticed an orb of fire
 83482 | Zot:5    | Killed an orb of fire
 83484 | Zot:5    | Noticed an orb of fire
 83497 | Zot:5    | Killed an orb of fire
 83499 | Zot:5    | Noticed an orb of fire
 83505 | Zot:5    | Noticed an orb of fire
 83514 | Zot:5    | Killed an orb of fire
 83521 | Zot:5    | Killed an orb of fire
 83988 | Zot:5    | Noticed an orb of fire
 83993 | Zot:5    | Killed an orb of fire
 84277 | Zot:5    | Noticed an ancient lich
 84282 | Zot:5    | Killed an ancient lich
 84426 | Zot:5    | Got the Orb of Zot
 84443 | Zot:5    | Noticed an orb of fire
 84451 | Zot:5    | Killed an orb of fire
 84466 | Zot:5    | Killed an ancient lich
 84545 | Zot:2    | Noticed Koudari the pandemonium lord
 84557 | Zot:2    | Killed Koudari the pandemonium lord
 84565 | Zot:2    | Noticed Mudwoi the pandemonium lord
 84569 | Zot:2    | Killed Mudwoi the pandemonium lord
 84569 | Zot:2    | Reached skill level 25 in Unarmed Combat
 84591 | Zot:1    | Noticed Fawugh the pandemonium lord
 84601 | Zot:1    | Killed Fawugh the pandemonium lord
 85230 | D:$      | Escaped with the Orb!

Action                   |  1- 3 |  4- 6 |  7- 9 | 10-12 | 13-15 | 16-18 | 19-21 | 22-24 | 25-27 || total
-------------------------+-------+-------+-------+-------+-------+-------+-------+-------+-------++-------
Melee: Unarmed           |   140 |   296 |   445 |   766 |  1133 |  1057 |  1141 |   938 |   926 ||  6842
 Fire: Heavy crossbow    |       |       |       |       |       |   131 |   223 |   275 |   350 ||   979
 Cast: Beastly Appendage |     5 |    20 |    26 |    20 |     2 |     1 |     2 |       |       ||    76
       Spider Form       |       |     3 |    13 |     7 |       |       |       |       |       ||    23
       Blade Hands       |       |       |     4 |    39 |    82 |    69 |    70 |    85 |    70 ||   419
       Ice Form          |       |       |     2 |    10 |    15 |    15 |       |     8 |       ||    50
       Blink             |       |       |       |       |    16 |    17 |       |     2 |     2 ||    37
       Passage of Golubr |       |       |       |       |     3 |     1 |       |       |       ||     4
       Stoneskin         |       |       |       |       |     1 |       |       |       |       ||     1
       Hydra Form        |       |       |       |       |    16 |     5 |    11 |     3 |    11 ||    46
       Stone Arrow       |       |       |       |       |       |    59 |       |       |       ||    59
       Repel Missiles    |       |       |       |       |       |       |     4 |     6 |     3 ||    13
       Song of Slaying   |       |       |       |       |       |       |       |     1 |       ||     1
Invok: Temporal Distorti |       |       |       |     6 |     2 |     1 |     1 |     5 |     2 ||    17
       Slouch            |       |       |       |       |    12 |    24 |     6 |    20 |     7 ||    69
       Step From Time    |       |       |       |       |       |     2 |       |     2 |       ||     4
 Abil: Breathe Frost     |       |       |     4 |     4 |    10 |     2 |     3 |     1 |     1 ||    25
       End Transformatio |       |       |       |     7 |    13 |    40 |    54 |    83 |    63 ||   260
       Evoke Teleportati |       |       |       |       |       |       |     2 |       |       ||     2
Evoke: Wand              |       |       |       |       |     3 |       |       |     1 |       ||     4
  Use: Potion            |       |     5 |       |     8 |     3 |     3 |     4 |     7 |     4 ||    34
       Scroll            |       |     3 |     1 |    17 |    15 |     6 |    19 |    10 |    11 ||    82
 Stab: Sleeping          |       |     1 |     1 |     4 |     8 |     6 |     5 |     4 |       ||    29
       Fleeing           |       |       |       |     1 |       |       |       |       |       ||     1
       Distracted        |       |       |       |       |     2 |     4 |     2 |     1 |     1 ||    10
  Eat: Chunk             |     1 |    10 |    16 |    29 |    32 |    24 |     5 |    14 |     7 ||   138
       Meat ration       |       |       |       |     1 |       |     1 |     1 |     1 |     3 ||     7
       Beef jerky        |       |       |       |       |       |     1 |       |       |     1 ||     2
       Bread ration      |       |       |       |       |       |       |       |     1 |       ||     1
